 Dungeon Crawl Stone Soup version 0.30-a0-986-g7f2e898f52 (webtiles) character file.

Game seed: 14769013713750719069

13762 DeathPants the Frost Mage (level 12, -2/65 HPs)
             Began as a Vine Stalker Ice Elementalist on Apr 1, 2023.
             Was an Initiate of Gozag.
             Slain by Urug
             ... wielding a +4 broad axe
              (21 damage)
             ... on level 10 of the Dungeon.
             The game lasted 00:42:05 (12187 turns).

DeathPants the Frost Mage (VSIE)                   Turns: 12187, Time: 00:42:05

Health: -2/65      AC: 18    Str: 13    XL:     12   Next: 9%
Magic:  0/24       EV: 14    Int: 23    God:    Gozag
Gold:   1457       SH:  0    Dex: 16    Spells: 14/25 levels left

rFire   + . .      SeeInvis .    b - +3 short sword (freeze)
rCold   . . .      Faith    .    (no shield)
rNeg    . . .      Spirit   +    K - +2 robe {rF+}
rPois   .          Reflect  .    q - +0 helmet
rElec   .          Rampage  .    z - +0 cloak
rCorr   .                        B - +2 pair of gloves
Will    +....                    (no boots)
Stlth   ++                       (no amulet)
HPRegen 1.10/turn                v - +6 ring of intelligence
MPRegen 0.19/turn                (no ring)

@: ice-armoured, freezing walls
A: fangs 3, regeneration 1, magic shield, antimagic bite, no potion heal 2
a: Renounce Religion, Potion Petition, Call Merchant, Bribe Branch


You were on level 10 of the Dungeon.
You worshipped Gozag.
Gozag was most pleased with you.
You visited 2 branches of the dungeon, and saw 13 of its levels.
You also visited: Ossuary.

You collected 1886 gold pieces.
You spent 327 gold pieces at shops.
You paid 102 gold pieces to Gozag.

Inventory:

Hand Weapons
 a - a +5 falchion
 b - a +3 short sword of freezing (weapon)
 F - a +0 dagger of venom
 H - a +0 dagger of draining
Missiles
 t - 13 javelins
 w - 13 poisoned darts
 y - 3 throwing nets
 E - 2 curare-tipped darts
 J - 2 boomerangs of dispersal
Armour
 q - a +0 helmet (worn)
 z - a +0 cloak (worn)
 B - a +2 pair of gloves (worn)
 K - a +2 robe of fire resistance (worn)
 L - a +3 leather armour of poison resistance
Magical Staves
 g - a staff of conjuration
Jewellery
 v - a +6 ring of intelligence (left hand)
 A - a +4 ring of protection
Wands
 m - a wand of light (3)
 p - a wand of paralysis (8)
 G - a wand of roots (18)
Scrolls
 f - a scroll of amnesia
 h - 4 scrolls of teleportation
 r - 2 scrolls of blinking
 x - 2 scrolls of enchant weapon
Potions
 c - 10 potions of curing
 d - a potion of resistance
 e - 2 potions of cancellation
 i - 4 potions of might
 j - 4 potions of magic
 k - 4 potions of mutation
 l - a potion of brilliance
 o - 2 potions of lignification
 s - a potion of haste
 u - a potion of attraction {unknown}
 C - a potion of berserk rage
 D - a potion of flight {unknown}
 I - 2 potions of ambrosia {unknown}


   Skills:
 + Level 8.6 Fighting
 * Level 7.3 Long Blades
 - Level 4.9 Dodging
 - Level 2.4 Stealth
 - Level 7.4 Spellcasting
 + Level 6.4 Summonings
 + Level 10.5 Ice Magic


You had 14 spell levels left.
You knew the following spells:

 Your Spells              Type           Power      Damage    Failure   Level
a - Freeze                Ice            100%       1d10      1%          1
b - Frozen Ramparts       Ice            100%       1d16      1%          3
c - Ozocubu's Armour      Ice            54%        N/A       1%          3
d - Summon Ice Beast      Ice/Summ       47%        N/A       2%          4

Your spell library contained the following spells:

 Spells                   Type           Power      Damage    Failure   Level
 Summon Small Mammal      Summ           100%       N/A       1%          1
 Apportation              Tloc           16%        N/A       8%          1
 Necrotise                Necr           32%        1d5       8%          1
 Shock                    Conj/Air       32%        1d5       8%          1
 Blink                    Tloc           16%        N/A       11%         2
 Cigotuvi's Dreadful Rot  Necr/Pois/Air  16%        N/A       11%         2
 Lesser Beckoning         Tloc           16%        N/A       11%         2
 Momentum Strike          Conj/Tloc      16%        3d8       11%         2
 Poisonous Vapours        Pois/Air       16%        N/A       11%         2
 Sublimation of Blood     Necr           8%         N/A       11%         2
 Summon Lightning Spire   Summ/Air       23%        N/A       19%         4
 Dazzling Flash           Conj/Hex       16%        N/A       22%         3
 Mephitic Cloud           Conj/Pois/Air  8%         N/A       22%         3
 Portal Projectile        Hex/Tloc       16%        N/A       22%         3
 Swiftness                Air            8%         N/A       22%         3
 Tukima's Dance           Hex            8%         N/A       22%         3
 Vampiric Draining        Necr           8%         2d6       22%         3
 Airstrike                Air            4%         2d(1-17)  58%         4
 Petrify                  Tmut/Erth      8%         N/A       58%         4
 Agony                    Necr           8%         N/A       90%         5
 Blade Hands              Tmut           4%         N/A       90%         5
 Irradiate                Conj/Tmut      4%         3d13      90%         5
 Silence                  Hex/Air        4%         N/A       90%         5
 Storm Form               Tmut/Air       4%         N/A       100%        7
 Maxwell's Capacitive Co  Air            4%         ∞         100%        8


Dungeon Overview and Level Annotations

Branches:
Dungeon (12/15)            Temple (1/1) D:5            Lair (0/5) D:8
    Orc (0/2) D:9         Ossuary (visited)

Altars:
Ashenzari
Cheibriados
Dithmenos
Elyvilon
Fedhas
Gozag
Hepliaklqana
Kikubaaqudgha
Makhleb
Nemelex Xobeh
Okawaru
Qazlal
Ru
Sif Muna
Uskayaw
Vehumet
Wu Jian
Xom
Yredelemnul
Zin
The Shining One

Shops:
D:1 (   D:10 **

Annotations:
D:3 3 runed translucent doors, Demosthentine's ghost, amateur DsGl
D:10 1 runed translucent door, Urug; patfeehan111222's ghost, journeyman MiBe
D:11 1 runed translucent door


Innate Abilities, Weirdness & Mutations

You have razor-sharp teeth.
Your natural rate of healing is unusually fast.
When hurt, damage is shared between your health and your magic reserves.
Your bite disrupts and absorbs the magic of your enemies.
Potions cannot restore your health.


Message History

Urug the Orcish Ballista comes into view.
She is wielding a +4 broad axe, wearing a +3 chain mail of poison resistance, quivering silver javelins and carrying a wand of paralysis (4).
Urug shouts!
Urug moves out of view.
Urug throws a silver javelin.
The silver javelin pierces through you!
Casting: Ozocubu's Armour (safe; 1% risk of failure)
Confirm with . or Enter, or press ? or * to list all spells.
A chill wind blows around you.
Casting: Summon Ice Beast (dangerous; 2% risk of failure)
Confirm with . or Enter, or press ? or * to list all spells.
A film of ice covers your body!
Urug throws a silver javelin.
The silver javelin pierces through you.
Your ice beast closely misses Urug.
Casting: Ozocubu's Armour (safe; 1% risk of failure)
Confirm with . or Enter, or press ? or * to list all spells.
Casting: Frozen Ramparts (safe; 1% risk of failure)
Press: ? - help, Dir - look around, f - activate The walls around you are covered in ice.
The wall freezes Urug.
Urug throws a silver javelin.
The silver javelin pierces through you!!
Your ice beast hits Urug but does no damage.
The wall freezes Urug but does no damage.
Urug zaps a wand.
You suddenly lose the ability to move!
Your ice beast barely misses Urug.
The wall freezes Urug but does no damage.
Your ice beast hits Urug but does no damage.
The wall freezes Urug!
The wall freezes Urug.
Urug hits you with a +4 broad axe!
Urug hits your ice beast but does no damage.
Your ice beast hits Urug.
Your ice beast freezes Urug!
The wall freezes Urug but does no damage.
Urug hits you with a +4 broad axe!
* * * LOW HITPOINT WARNING * * *
Urug hits your ice beast with a +4 broad axe!
Your ice beast hits Urug but does no damage.
You can move again.
You hit Urug but do no damage.
Urug is moderately wounded.
The wall freezes Urug but does no damage.
Urug hits you with a +4 broad axe!!
You die...
Your body crumbles into a pile of gold.

###########........#
....................
########....######.#
#...#......#....#
#..<.............
#..........#.#...
#..........#..... ####
########Y...............
....
.......@o#..#...........
####
.##..###.##.#...........
##.###.####...........
#.....####.##........
####....[..##........
######..###..#.........
....>........#.# #####
########.#...#.## #<...
#.##.....# ##.##


You could see Urug (ally target) and a friendly ice beast (summoned).

Vanquished Creatures
  Josephine (D:11)
  2 two-headed ogres
  Nergalle (D:11)
  A cyclops (D:11)
  Joseph (D:10)
  A kobold demonologist (D:12)
  Sigmund (D:3)
  4 wraiths
  27 yaks
  2 wyverns (D:8)
  3 basilisks (D:8)
  6 water moccasins
  4 orc warriors
  2 sky beasts
  A black bear (D:7)
  8 centaurs
  An ogre (D:4)
  A phantom (D:5)
  3 kobold brigands
  4 bullfrogs
  A gnoll sergeant (D:8)
  4 scorpions
  7 wights
  9 howler monkeys
  4 electric eels (D:9)
  A gnoll bouda (D:6)
  4 orc priests
  4 sleepcaps
  6 hounds
  4 jellies
  3 iguanas (D:4)
  5 orc wizards
  Robin (D:3)
  13 gnolls
  7 adders
  2 white imps
  An adder zombie (Ossuary)
  3 worms
  2 dart slugs
  28 orcs
  6 ball pythons
  2 endoplasms
  2 giant cockroaches
  9 goblins
  8 hobgoblins
  3 quokkas
  6 bats
  3 frilled lizards
  5 hobgoblin skeletons (Ossuary)
  2 hobgoblin zombies (Ossuary)
  18 kobolds
  A kobold zombie (Ossuary)
  An orc zombie (Ossuary)
  2 rats (D:2)
251 creatures vanquished.

Vanquished Creatures (collateral kills)
  An orc warrior (D:9)
  An ice beast (D:7)
  A gnoll sergeant (D:8)
  A hound (D:7)
  A gnoll (D:8)
  A shadow imp (D:7)
  A kobold (D:8)
7 creatures vanquished.

Vanquished Creatures (others)
  A centaur (D:11)
  An orc wizard (D:9)
  A fungus (D:8)
  7 plants (D:8)
10 creatures vanquished.

Grand Total: 268 creatures vanquished

Notes
Turn   | Place    | Note
-------+----------+-------------------------------------------
     0 | D:1      | DeathPants the Vine Stalker Ice Elementalist began the
                  | quest for the Orb.
     0 | D:1      | Reached XP level 1. HP: 9/9 MP: 4/4
    73 | D:2      | Found a faded altar of an unknown god.
   216 | D:1      | Found Ymem's Antique Weapon Shop.
   602 | D:1      | Reached XP level 2. HP: 10/13 MP: 3/6
  1040 | D:2      | Reached XP level 3. HP: 14/16 MP: 4/8
  1044 | D:2      | Learned a level 3 spell: Frozen Ramparts
  1048 | D:2      | Learned a level 3 spell: Ozocubu's Armour
  1687 | D:3      | Noticed Robin
  1697 | D:3      | Gained mutation: Your natural rate of healing is unusually
                  | fast. [Vine Stalker growth]
  1697 | D:3      | Reached XP level 4. HP: 16/21 MP: 2/9
  1705 | D:3      | Killed Robin
  1706 | D:3      | Reached skill level 1 in Fighting
  2210 | D:3      | Noticed Sigmund
  2217 | D:3      | Killed Sigmund
  2218 | D:3      | Reached skill level 5 in Ice Magic
  2218 | D:3      | Reached XP level 5. HP: 27/27 MP: 3/12
  2218 | D:3      | Reached XP level 6. HP: 31/31 MP: 3/13
  2252 | D:3      | Found a runed translucent gate.
  2252 | D:3      | Found a runed translucent gate.
  2255 | D:3      | Found a runed translucent gate.
  2258 | D:3      | Noticed Demosthentine's ghost (amateur DsGl)
  2660 | D:5      | Entered Level 5 of the Dungeon
  3087 | D:5      | Found a sand-covered staircase.
  3097 | Ossuary  | Entered an ossuary
  3226 | Ossuary  | Noticed a wraith
  3226 | Ossuary  | Noticed a flying skull
  3235 | Ossuary  | Noticed a flying skull
  3410 | Ossuary  | Learned a level 4 spell: Summon Ice Beast
  3414 | Ossuary  | Noticed a flying skull
  3421 | Ossuary  | Noticed a flying skull
  3443 | Ossuary  | Noticed a flying skull
  3450 | Ossuary  | Noticed a wraith
  3482 | Ossuary  | Killed a wraith
  3483 | Ossuary  | Reached skill level 1 in Summonings
  3483 | Ossuary  | Reached skill level 6 in Ice Magic
  3483 | Ossuary  | Reached XP level 7. HP: 18/36 MP: 5/15
  3540 | Ossuary  | Noticed a wraith
  3592 | Ossuary  | Killed a wraith
  3593 | Ossuary  | Reached skill level 5 in Spellcasting
  3939 | D:4      | Gained mutation: You have razor-sharp teeth. [Vine Stalker
                  | growth]
  3939 | D:4      | Reached XP level 8. HP: 42/42 MP: 12/17
  4115 | D:4      | Found a shadowy altar of Dithmenos.
  4115 | D:4      | Found a hazy altar of Hepliaklqana.
  4119 | D:4      | Noticed a shadow
  4407 | D:4      | Found a basalt altar of Yredelemnul.
  4669 | D:4      | Found a broken altar of Ashenzari.
  4706 | D:4      | Found a burning altar of Makhleb.
  5152 | D:6      | Noticed a yak
  5152 | D:6      | Noticed a yak
  5152 | D:6      | Noticed a yak
  5152 | D:6      | Noticed a yak
  5511 | D:5      | Reached skill level 7 in Ice Magic
  5971 | D:5      | Found a staircase to the Ecumenical Temple.
  5977 | Temple   | Entered the Ecumenical Temple
  6016 | Temple   | Became a worshipper of Gozag Ym Sagoz the Greedy
  6234 | D:6      | Reached XP level 9. HP: 39/46 MP: 19/19
  6238 | D:6      | Reached skill level 5 in Fighting
  6795 | D:6      | Reached skill level 5 in Summonings
  6798 | D:6      | Reached skill level 8 in Ice Magic
  6932 | D:7      | Reached XP level 10. HP: 53/53 MP: 22/22
  7230 | D:6      | Found a radiant altar of Vehumet.
  8324 | D:8      | Reached skill level 1 in Long Blades
  8327 | D:8      | Reached skill level 9 in Ice Magic
  8413 | D:8      | Found a staircase to the Lair.
  8796 | D:8      | Noticed a two-headed ogre
  8805 | D:8      | Killed a two-headed ogre
  8806 | D:8      | Reached XP level 11. HP: 43/58 MP: 14/23
  9879 | D:9      | Reached skill level 5 in Long Blades
 10417 | D:10     | Entered Level 10 of the Dungeon
 10499 | D:9      | Reached skill level 10 in Ice Magic
 10754 | D:9      | Found a staircase to the Orcish Mines.
 10924 | D:10     | Noticed Joseph
 10936 | D:10     | Killed Joseph
 11117 | D:10     | Noticed Josephine
 11118 | D:10     | Noticed a two-headed ogre
 11131 | D:11     | Killed Josephine
 11432 | D:12     | Noticed a sun demon
 11591 | D:11     | Noticed Nergalle
 11648 | D:11     | Killed Nergalle
 11693 | D:11     | Noticed a cyclops
 11713 | D:11     | Killed a cyclops
 11777 | D:11     | Found a runed translucent door.
 11818 | D:10     | Noticed a two-headed ogre
 11827 | D:10     | Killed a two-headed ogre
 11828 | D:10     | Reached XP level 12. HP: 44/65 MP: 19/24
 12093 | D:10     | Found a runed translucent door.
 12095 | D:10     | Noticed patfeehan111222's ghost (journeyman MiBe)
 12134 | D:10     | Found Zazeon's Assorted Antiques.
 12139 | D:10     | Bought 2 blue potions for 55 gold pieces
 12139 | D:10     | Bought 3 scrolls labelled TUUSOD ZILIE for 93 gold pieces
 12139 | D:10     | Bought a glowing leather armour for 155 gold pieces
 12144 | D:10     | Found Zimaudos's CLEARANCE SALE!.
 12155 | D:10     | Bought a potion of cancellation for 24 gold pieces
 12177 | D:10     | Noticed Urug
 12182 | D:10     | Paralysed by Urug for 5 turns
 12187 | D:10     | Slain by Urug

Illustrated notes

Levels and vault maps discovered:
D:1:      dpeg_arrival_fog, layout_basic, serial_shops, nicolae_shop_stone
D:2:      layout_loops_ring, nicolae_ecumenical_oubliette
D:3:      layout_basic, gammafunk_ghost_necromancy, uniq_robin, uniq_sigmund
D:4:      layout_layer_cave, riverfiend_overflow_shadow_ancestor,
          mainiacjoe_overflow_catwalk, mainiacjoe_overflow_two_lobes
D:5:      layout_loops_ring, minmay_temple_entry_enclosed_plants,
          lightli_ossuary_entry_decrepit_ruins, hellmonk_no_cap
D:6:      layout_loops_ring, vehumet_crystals
D:7:      layout_rooms
D:8:      layout_basic, minmay_lair_entry_grove
D:9:      layout_roguey, erik_orc_2, serial_glass, glass_columns_c,
          glass_columns_c, unseen_surprise_small
D:10:     layout_basic, enter_bailey_3, serial_shops, shop,
          ebering_ghost_reflecting_pool, nicolae_shop_clearance, uniq_joseph,
          uniq_josephine, uniq_urug
D:11:     layout_roguey, minivault_13, uniq_nergalle
D:12:     layout_cave_pools, grunt_decor_one_mirror, kennysheep_small_circle
Temple:   nicolae_temple_x_marks_the_god

Skill      XL: |  1  2  3  4  5  6  7  8  9 10 11 |
---------------+----------------------------------+-----
Spellcasting   | 3 4 5 6 7 |  7.4
Fighting       | 2 3 4 6 7 8 |  8.6
Ice Magic      | 5 6 7 8 9 10 | 10.5
Summonings     | 1 2 4 5 6 |  6.4
Dodging        | 2 4 |  4.9
Long Blades    | 4 7 |  7.3
Stealth        | |  2.4

Action                     |  1- 3 |  4- 6 |  7- 9 | 10-12 || total
---------------------------+-------+-------+-------+-------++-------
  Melee: Short sword       |    58 |    66 |   240 |   315 ||   679
         Bite              |    14 |    36 |    79 |   128 ||   257
         Whip              |     2 |       |       |       ||     2
         Dagger            |       |    31 |       |       ||    31
         Punch             |       |     1 |     5 |     4 ||    10
         Falchion          |       |       |       |     4 ||     4
  Throw: Javelin           |       |     3 |     1 |       ||     4
         Dart              |       |       |     4 |       ||     4
   Cast: Freeze            |     6 |    11 |    14 |       ||    31
         Frozen Ramparts   |     1 |     5 |    20 |    35 ||    61
         Ozocubu's Armour  |       |     3 |     6 |    23 ||    32
         Summon Ice Beast  |       |       |     1 |     6 ||     7
    Use: Scroll            |       |     7 |     3 |    12 ||    22
         Potion            |       |     1 |       |     1 ||     2
   Stab: Sleeping          |     4 |     5 |     5 |     4 ||    18
         Distracted        |       |       |     1 |     2 ||     3
 Armour: Robe              |    20 |    29 |    92 |    98 ||   239
  Dodge: Dodged            |    35 |    59 |   159 |   200 ||   453

Table legend: (Time is in decaauts)
 A = Elapsed time spent in this place.
 B = Non-inter-level travel time spent in this place.
 C = Inter-level travel time spent in this place.
 D = Time resting spent in this place.
 E = Time spent auto-exploring this place.
 F = Levels seen in this place.
 G = Mean time per level.
                   A        B        C        D        E       F      G
               +--------+--------+--------+--------+--------+-----+--------+
         Total |  12304 |  12011 |    293 |   1521 |   7260 |  14 |  878.9 |
       Dungeon |  11485 |  11201 |    284 |   1372 |   6929 |  12 |  957.1 |
        Temple |     49 |     40 |      9 |      0 |     28 |   1 |   49.0 |
       Ossuary |    769 |    769 |      0 |    149 |    303 |   1 |  769.0 |
               +--------+--------+--------+--------+--------+-----+--------+

Top non-repeatable levels by time:
     D:6: 1550 daAuts
     D:9: 1439 daAuts
     D:4: 1434 daAuts
     D:5: 1343 daAuts
     D:8: 1316 daAuts
     D:3: 967 daAuts
    D:11: 854 daAuts
     D:2: 801 daAuts
     D:1: 781 daAuts
 Ossuary: 769 daAuts
     D:7: 703 daAuts
    D:10: 277 daAuts
  Temple: 49 daAuts
    D:12: 15 daAuts
